 Dungeon Crawl Stone Soup version 0.21-a0-538-gd16b88a (webtiles) character file.

3732 mortelune the Cleaver (level 10, 0/80 HPs)
             Began as a Formicid Abyssal Knight on Dec 16, 2017.
             Was a Believer of Lugonu.
             Slain by an orc warrior (12 damage)
             ... in a bailey.
             The game lasted 00:29:09 (9458 turns).

mortelune the Cleaver (Formicid Abyssal Knight)     Turns: 9458, Time: 00:29:10

Health: 0/80       AC: 16    Str: 21    XL:     10   Next: 36%
Magic:  13/13      EV:  8    Int: 11    God:    Lugonu [**....]
Gold:   404        SH:  4    Dex: 12    Spells: 10/13 levels left

rFire    . . .     SeeInvis +   F - +0 broad axe
rCold    . . .     Gourm    .   (no shield)
rNeg     + . .     Faith    .   s - +0 chain mail
rPois    +         Spirit   .   (helmet unavailable)
rElec    .         Reflect  .   (no cloak)
rCorr    .         Harm     .   Q - +1 pair of gloves
MR       +....                  V - +2 pair of boots of the Evening Star {rPois}
Stlth    ..........             (no amulet)
HPRegen  0.23/turn              A - ring of positive energy
MPRegen  0.13/turn              e - ring of teleportation (curse)

@: no status effects
A: permanent stasis, dig shafts and tunnels, four strong arms, antennae 3, large
bone plates 1, agile 1
a: Dig, Shaft Self, Depart the Abyss, Bend Space, Renounce Religion


You were in a bailey.
You worshipped Lugonu.
Lugonu was pleased with you.
You were not hungry.

You visited 1 branch of the dungeon, and saw 8 of its levels.
You visited the Abyss 1 time.
You also visited: Bailey.

You collected 404 gold pieces.

Inventory:

Hand Weapons
 a - a +2 hand axe
 b - a +0 hunting sling
 u - a +0 hand crossbow
 v - a +0 hand axe of venom
 y - a +0 war axe
 D - a +2 trident of piercing
 F - a +0 broad axe (weapon)
 O - a +0 shortbow
 R - a cursed +1 flail of freezing
Missiles
 j - 198 stones (quivered)
 o - 8 curare-tipped needles
 w - 103 arrows
 S - 21 poisoned needles
Armour
 m - a +0 leather armour
 s - a +0 chain mail (worn)
 t - a +1 pair of gloves
 x - a +0 pair of boots
 Q - a +1 pair of gloves (worn)
 V - the +2 pair of boots of the Evening Star (worn) {rPois}
   (You acquired it on level 8 of the Dungeon)

   It protects you from poison.
Jewellery
 e - a cursed ring of teleportation (right hand)
 A - a ring of positive energy (left hand)
Wands
 B - a wand of digging (5)
 E - a wand of paralysis (9)
 K - a wand of acid (9)
Scrolls
 d - 2 scrolls of identify
 f - 2 scrolls of enchant weapon
 k - 5 scrolls of remove curse
 l - a scroll of noise {unknown}
 p - a scroll of fear
 G - a scroll of amnesia
 H - a scroll of immolation {unknown}
 I - a scroll of acquirement
 J - a scroll of random uselessness {unknown}
 L - a scroll of enchant armour {unknown}
Potions
 h - a potion of curing
 n - 2 potions of ambrosia
 q - a potion of mutation
 z - a potion of might {unknown}
 C - 2 potions of cancellation
 N - a potion of flight {unknown}
 P - a potion of magic
 T - a potion of lignification {unknown}
 U - a potion of brilliance {unknown}
Books
 M - a book of Misfortune

   Spells                             Type                      Level
   a - Confusing Touch                Hexes                        1
   b - Confuse                        Hexes                        3
   c - Gell's Gravitas                Translocation                3
   d - Petrify                        Transmutation/Earth          4
   e - Metabolic Englaciation         Hexes/Ice                    5
   f - Yara's Violent Unravelling     Hexes/Transmutation          5
Comestibles
 c - 3 bread rations
 i - 3 meat rations


   Skills:
 + Level 7.8 Fighting
 * Level 9.5 Axes
 + Level 7.5 Armour
 - Level 0.8 Dodging
 + Level 2.3 Spellcasting
 + Level 4.8 Hexes
 - Level 4.0 Invocations


You had 10 spell levels left.
You knew the following spells:

 Your Spells              Type           Power        Failure   Level  Hunger
a - Confuse               Hex            ##......     65%         3    ####...


Dungeon Overview and Level Annotations

Branches:
Dungeon (8/15)             Temple (0/1) D:7
   Lair: D:8-11

Altars:
Elyvilon
Trog
Yredelemnul
Zin


Innate Abilities, Weirdness & Mutations

You cannot be hasted, slowed, berserked, paralysed or teleported.
You can dig through walls and to a lower floor.
Your four strong arms can wield two-handed weapons with a shield.
You have a pair of large antennae on your head. (SInv)
You are partially covered in large bone plates. (SH +4)
You are agile. (Dex +2)


Message History

The orc warrior hits you but does no damage.
You block the orc warrior's attack.
You closely miss the orc warrior.
The orc warrior is moderately wounded.
You slash the orc warrior!
The orc warrior hits you but does no damage. x2
You slice the orc warrior!!
The orc warrior is almost dead.
You completely miss the orc warrior. The orc warrior hits you!
* * * LOW HITPOINT WARNING * * *
The orc warrior hits you.
* * * LOW HITPOINT WARNING * * *
You feel better. You block the orc warrior's attack.
The orc warrior closely misses you.
You slash the orc warrior!
You kill the orc warrior!
Lugonu accepts your kill.
You hit the orc warrior but do no damage.
The orc warrior hits you!
You die...

######################
((.(.(.(.......)@((.∩#
...............o...∩(#
...................(.#
...................(.#
...................(.#
.....................#
.........≈≈≈≈≈.......#
........≈≈#.#≈≈......#
##≈......#


You could see an orc warrior.

Vanquished Creatures
  The ghost of Gerstahl the Carver, a novice DsGl of Dithmenos (Bailey)
  Pikel (D:4)
  Prince Ribbit (D:7)
  Grinder (D:3)
  A steam dragon (D:8)
  Menkaure (D:4)
  An ice beast (D:6)
  3 orc warriors (Bailey)
  A phantom (D:7)
  A necrophage (D:6)
  A centaur (D:6)
  3 ogres
  Blork the orc (D:6)
  A bullfrog (D:7)
  A water moccasin zombie (D:6)
  2 scorpions
  4 wights (D:6)
  A howler monkey (D:6)
  A crimson imp (D:5)
  2 hounds
  2 centaur skeletons
  An orc wizard (D:5)
  3 orc priests
  2 bullfrog skeletons
  Natasha (thrice) (D:2)
  3 worker ants
  2 hound zombies
  6 adders
  2 oozes
  2 adder skeletons
  2 worms (D:2)
  5 leopard geckos
  13 orcs
  2 giant cockroaches
  5 goblins
  6 hobgoblins
  6 jackals
  10 kobolds
  4 quokkas
  3 frilled lizards
  8 rats
119 creatures vanquished.

Notes
Turn   | Place    | Note
-------+----------+-------------------------------------------
     0 | Abyss:1  | mortelune the Formicid Abyssal Knight began the quest for the Orb.
     0 | Abyss:1  | Reached XP level 1. HP: 18/18 MP: 2/2
     0 | D:1      | Escaped the Abyss
   390 | D:1      | Reached XP level 2. HP: 19/24 MP: 3/3
   393 | D:1      | Reached * piety under Lugonu
  1090 | D:2      | Reached XP level 3. HP: 27/29 MP: 4/4
  1267 | D:2      | Noticed Natasha
  1285 | D:2      | Killed Natasha
  1306 | D:2      | Noticed Natasha
  1327 | D:2      | Killed Natasha
  1327 | D:2      | Reached skill level 3 in Axes
  1327 | D:2      | Reached XP level 4. HP: 18/37 MP: 6/6
  1829 | D:2      | Noticed an ice beast
  2083 | D:2      | Reached XP level 5. HP: 32/42 MP: 7/7
  2406 | D:2      | Noticed Natasha
  2414 | D:2      | Killed Natasha
  3632 | D:3      | Noticed Grinder
  3656 | D:3      | Gained mutation: You are agile. (Dex +2) [potion of mutation]
  3656 | D:3      | Gained mutation: You are partially covered in large bone plates. (SH +4) [potion of mutation]
  3968 | D:3      | Reached XP level 6. HP: 48/48 MP: 8/8
  4024 | D:3      | Killed Grinder
  4024 | D:3      | Reached skill level 4 in Axes
  4024 | D:3      | Reached XP level 7. HP: 44/55 MP: 8/10
  4479 | D:4      | Noticed Menkaure
  4615 | D:4      | Killed Menkaure
  4615 | D:4      | Reached skill level 5 in Axes
  4978 | D:4      | Reached skill level 5 in Fighting
  5259 | D:4      | Noticed Pikel
  5276 | D:4      | Killed Pikel
  5276 | D:4      | Reached skill level 6 in Axes
  5276 | D:4      | Reached skill level 5 in Armour
  5276 | D:4      | Reached XP level 8. HP: 60/64 MP: 11/11
  5410 | D:5      | Entered Level 5 of the Dungeon
  5833 | D:5      | Reached ** piety under Lugonu
  6001 | D:5      | Reached skill level 7 in Axes
  6011 | D:5      | Found a basalt altar of Yredelemnul.
  6413 | D:5      | Learned a level 3 spell: Confuse
  6614 | D:6      | Reached XP level 9. HP: 28/70 MP: 12/12
  6812 | D:6      | Reached skill level 1 in Hexes
  7115 | D:6      | Noticed Blork the orc
  7125 | D:6      | Killed Blork the orc
  7125 | D:6      | Reached skill level 8 in Axes
  7893 | D:7      | Noticed Prince Ribbit
  7913 | D:7      | Killed Prince Ribbit
  8124 | D:7      | Found a white marble altar of Elyvilon.
  8417 | D:7      | Found a staircase to the Ecumenical Temple.
  8627 | D:7      | Found a bloodstained altar of Trog.
  8628 | D:7      | Found a glowing silver altar of Zin.
  8676 | D:8      | Identified 2 scrolls of acquirement
  8679 | D:8      | Got a pair of heavily runed boots
  8690 | D:8      | Identified the +2 pair of boots of the Evening Star {rPois} (You acquired it on level 8 of the Dungeon)
  8716 | D:8      | Reached XP level 10. HP: 33/79 MP: 13/13
  8723 | D:8      | Reached skill level 1 in Spellcasting
  8869 | D:8      | Found a flagged portal.
  8882 | Bailey   | Entered a bailey
  9105 | Bailey   | Reached skill level 9 in Axes
  9141 | Bailey   | Noticed Gerstahl's ghost (novice DsGl)
  9324 | Bailey   | Killed Gerstahl's ghost
  9458 | Bailey   | Slain by an orc warrior

Vault maps used:
D:1:      lemuel_arrival_cross, minmay_misc_feat_more_columns,
          minmay_strange_pillars
D:2:      grunt_decor_resistance, kennysheep_generic_room_4, uniq_natasha
D:3:      uniq_grinder
D:4:      first_bread, uniq_menkaure, uniq_pikel
D:5:      basic_altar, corexii_item_surrounded_by_moat, grunt_ministairs_8,
          minmay_a_box_with_orc_wizards_in_it
D:6:      uniq_blork_the_orc
D:7:      gammafunk_temple_overflow_pools, minmay_temple_entry_fiery,
          basic_altar, uniq_prince_ribbit1
D:8:      enter_bailey_2, the_bakery, wad_dig_loot, uniq_erica, uniq_joseph
Abyss:1:  minivault_11
Bailey:   bailey_polearm_2, bailey

Skill      XL: |  1  2  3  4  5  6  7  8  9 10 |
---------------+-------------------------------+-----
Axes           | 3 4 6 7 8 9 |  9.5
Invocations    | 3 4 |  4.0
Armour         | 3 5 7 |  7.5
Fighting       | 4 5 6 7 |  7.8
Hexes          | 3 4 |  4.8
Spellcasting   | 2 |  2.3
Dodging        | |  0.8

Action                   |  1- 3 |  4- 6 |  7- 9 | 10-12 || total
-------------------------+-------+-------+-------+-------++-------
Melee: Hand axe          |    65 |   119 |    13 |       ||   197
       War axe           |       |    44 |    32 |       ||    76
       Broad axe         |       |       |   245 |    66 ||   311
 Fire: Hunting sling     |       |     4 |     2 |       ||     6
Throw: Stone             |       |     1 |       |       ||     1
Invok: Depart the Abyss  |     1 |       |       |       ||     1
  Use: Scroll            |     4 |     1 |     7 |       ||    12
       Potion            |     2 |     3 |       |     6 ||    11
  Eat: Chunk             |     1 |     9 |    12 |       ||    22
       Royal jelly       |       |       |     1 |       ||     1
       Meat ration       |       |       |       |     1 ||     1
Armor: Leather armour    |    10 |     3 |       |       ||    13
       Chain mail        |       |    63 |   168 |    36 ||   267
Dodge: Dodged            |    38 |    55 |   103 |    39 ||   235
Block: Other             |       |     4 |    57 |    16 ||    77

Table legend:
 A = Spawn XP
 B = Non-spawn XP
 C = Spawn XP percentage of total XP
 D = Spawn monster count
 E = Non-spawn monster count
 F = Spawn count percentage of total count
 G = Total turns spent on level
                    A         B        C        D         E        F      G
               +---------+---------+-------+---------+---------+-------+---------
         Total |       0 |    5332 |   0.0 |       0 |     119 |   0.0 |  9458
               +---------+---------+-------+---------+---------+-------+---------
           D:1 |       0 |      25 |   0.0 |       0 |      13 |   0.0 |  1055
           D:2 |       0 |     163 |   0.0 |       0 |      17 |   0.0 |  1946
           D:3 |       0 |     362 |   0.0 |       0 |      27 |   0.0 |  1537
           D:4 |       0 |     949 |   0.0 |       0 |       9 |   0.0 |   872
           D:5 |       0 |     437 |   0.0 |       0 |      12 |   0.0 |  1287
           D:6 |       0 |    1217 |   0.0 |       0 |      22 |   0.0 |  1101
           D:7 |       0 |     659 |   0.0 |       0 |       7 |   0.0 |   877
           D:8 |       0 |     252 |   0.0 |       0 |       6 |   0.0 |   207
        Bailey |       0 |    1268 |   0.0 |       0 |       6 |   0.0 |   576
               +---------+---------+-------+---------+---------+-------+---------
